 Dungeon Crawl Stone Soup version 0.27-a0-660-g90476cec82 (webtiles) character file.

Game seed: 12895756054693624942

353 dickylongcocking the Digger (level 6, -7/49 HPs)
             Began as a Deep Dwarf Earth Elementalist on Mar 16, 2021.
             Killed by nerve-wracking pain
             ... invoked by an orc priest
              (10 damage)
             ... on level 4 of the Dungeon.
             The game lasted 00:04:14 (3773 turns).

dickylongcocking the Digger (DDEE)                  Turns: 3773, Time: 00:04:14

Health: -7/49      AC:  8    Str: 11    XL:     6   Next: 35%
Magic:  0/8        EV: 10    Int: 18    God:
Gold:   115        SH:  0    Dex: 13    Spells: 7/8 levels left

rFire    . . .     SeeInvis .   p - +0 flail (protect)
rCold    . . .     Faith    .   (no shield)
rNeg     . . .     Spirit   .   a - +0 ring mail
rPois    .         Reflect  .   e - +2 hat
rElec    .         Harm     .   q - scarf {+Inv}
rCorr    .         Rampage  .   (no gloves)
Will     .....                  (no boots)
Stlth    +.........             (no amulet)
HPRegen  0.00/turn              (no ring)
MPRegen  0.11/turn              (no ring)

@: brilliant, non-regenerating
A: damage resistance, heal wounds, sense surroundings 1, no regeneration
a: Heal Wounds, Evoke Invisibility


You were on level 4 of the Dungeon.
You visited 1 branch of the dungeon, and saw 4 of its levels.

You collected 115 gold pieces.

Inventory:

Hand Weapons
 d - a +0 club
 j - a +0 hand axe
 p - a +0 flail of protection (weapon)
Missiles
 b - 3 stones
Armour
 a - a +0 ring mail (worn)
 c - a +0 robe
 e - a +2 hat (worn)
 q - a scarf of invisibility (worn)
Wands
 m - a wand of paralysis (5)
Scrolls
 f - 2 scrolls of identify
 i - 2 scrolls of enchant weapon
 l - 2 scrolls of immolation
 n - a scroll of random uselessness
 r - a scroll of teleportation
Potions
 k - a potion of flight
 o - 2 potions of brilliance


   Skills:
 * Level 4.4 Armour
 - Level 2.1 Dodging
 - Level 2.4 Stealth
 - Level 1.7 Spellcasting
 - Level 0.8 Transmutations
 * Level 7.6 Earth Magic


You had 7 spell levels left.
You knew the following spells:

 Your Spells              Type           Power      Damage    Failure   Level
a - Sandblast             Erth           86%        2d18      1%          1

Your spell library contained the following spells:

 Spells                   Type           Power      Damage    Failure   Level
 Passwall                 Tmut/Erth      20%        N/A       11%         2
 Stone Arrow              Conj/Erth      46%        3d9       26%         3
 Lee's Rapid Deconstruct  Erth           21%        3d13*     43%         5
 Petrify                  Tmut/Erth      25%        N/A       56%         4


Dungeon Overview and Level Annotations

Branches:
Dungeon (4/15)
 Temple: D:4-7

Altars:


Innate Abilities, Weirdness & Mutations

You are resistant to damage.
You can heal yourself by infusing magical energy.
You passively map a small area around you.
You do not regenerate.


Message History

The orc throws a boomerang.
The boomerang hits you.
* * * LOW HITPOINT WARNING * * *
There is an open door here.
You close the door.
Something unseen opens the door.
Casting: Sandblast (safe; 1% risk of failure)
Confirm with . or Enter, or press ? or * to list all spells.
Aiming: Sandblast (safe; 1% risk of failure)
Press: ? - help, Shift-Dir - straight line, f - orc
Aim: an orc, wielding a +0 trident, wearing a +0 scale mail and quivering boomerangs (15% to evade)
You feel a surge of power!
The blast of sand hits the orc!
You kill the orc!
Unknown command.
Unknown command.
Casting: Sandblast (safe; 1% risk of failure)
Confirm with . or Enter, or press ? or * to list all spells.
Aiming: Sandblast (safe; 1% risk of failure)
Press: ? - help, Shift-Dir - straight line, f - orc
Aim: an orc, wearing a +0 ring mail and wearing a ring of ice (15% to evade)
You feel a surge of power!
The blast of sand hits the orc!!
You kill the orc!
Unknown command.
Unknown command.
Casting: Sandblast (safe; 1% risk of failure)
Confirm with . or Enter, or press ? or * to list all spells.
Aiming: Sandblast (safe; 1% risk of failure)
Press: ? - help, Shift-Dir - straight line, f - orc priest
Aim: an orc priest, wielding a +0 dagger (17% to evade)
You feel a surge of power!
The blast of sand misses the orc priest.
Unknown command.
Unknown command.
Okay, then.
Okay, then.
Aiming: Paralyse
Press: ? - help, Shift-Dir - straight line, f/p - orc priest
Aim: an orc priest, wielding a +0 dagger (chance to affect: 46%)
The orc priest resists with some effort.
The orc priest mumbles some strange prayers to Beogh against you.
Pain shoots through your body!
You die...

,#....# #........ ,
#....#####....... , , ,
#...............#** , ,
#...............# , ,,
#........o.o....# ,
+......).o......#
##+###+##......[........#
..........#'###o#####'#.
..........#...#.@.....+ ,
..........#...#.†.....# ,
..........#...#.......# ,
..........#..##..######
....#######..##..##... **
* ....#, #............,
....# , #............, ,
* * ....#, ,
+...........# ....# *
#############


You could see an orc priest.

Vanquished Creatures
  2 orc priests
  An iguana (D:3)
  Natasha (thrice) (D:2)
  An orc wizard (D:3)
  A worker ant (D:4)
  3 gnolls
  3 adders
  An ooze (D:2)
  A worm (D:3)
  2 leopard geckos
  9 orcs
  5 bats
  3 giant cockroaches
  12 goblins
  10 hobgoblins
  A jackal (D:2)
  5 kobolds (D:2)
  A quokka (D:3)
  5 frilled lizards
  5 rats
74 creatures vanquished.

Vanquished Creatures (others)
  12 plants (D:2)
12 creatures vanquished.

Grand Total: 86 creatures vanquished

Notes
Turn   | Place    | Note
-------+----------+-------------------------------------------
     0 | D:1      | dickylongcocking the Deep Dwarf Earth Elementalist began
                  | the quest for the Orb.
     0 | D:1      | Reached XP level 1. HP: 15/15 MP: 3/3
   304 | D:1      | Reached XP level 2. HP: 22/22 MP: 1/4
   448 | D:1      | Reached skill level 5 in Earth Magic
  1267 | D:2      | Reached skill level 1 in Armour
  1270 | D:2      | Reached XP level 3. HP: 26/28 MP: 0/5
  1606 | D:2      | Noticed Natasha
  1614 | D:2      | Killed Natasha
  1619 | D:2      | Reached XP level 4. HP: 25/36 MP: 0/6
  1773 | D:2      | Noticed Natasha
  1777 | D:2      | Killed Natasha
  1778 | D:2      | Reached skill level 6 in Earth Magic
  1855 | D:2      | Upgraded the game from 0.27-a0-650-g8dd3ea4f36 to
                  | 0.27-a0-660-g90476cec82
  2434 | D:2      | Noticed Natasha
  2440 | D:2      | Killed Natasha
  2661 | D:3      | Reached XP level 5. HP: 30/42 MP: 2/7
  2932 | D:3      | Reached skill level 7 in Earth Magic
  2996 | D:3      | Paralysed by a goblin for 3 turns
  3005 | D:3      | Found a faded altar of an unknown god.
  3586 | D:3      | Reached XP level 6. HP: 18/49 MP: 6/8
  3773 | D:4      | Killed from afar by an orc priest

Illustrated notes

Levels and vault maps discovered:
D:1:      dpeg_arrival_three_bigger_balls, layout_basic
D:2:      layout_loops_ring, serial_forest, infiniplex_forest_corner_1,
          infiniplex_forest_split, infiniplex_forest_end_3,
          infiniplex_forest_lined_room_2, infiniplex_forest_end_1,
          infiniplex_forest_clump_curved, infiniplex_forest_lined_3,
          infiniplex_forest_lined_2, infiniplex_forest_clump_tiny,
          minmay_hexomino_f4, uniq_natasha
D:3:      layout_rooms, chequers_ecumenical_altar_island
D:4:      layout_gridville, uniq_ijyb

Skill      XL: |  1  2  3  4  5 |
---------------+----------------+-----
Earth Magic    | 5 6 7 |  7.6
Armour         | 1 2 3 4 |  4.4
Dodging        | |  2.1
Stealth        | |  2.4
Spellcasting   | |  1.7
Transmutations | |  0.8

Action                   |  1- 3 |  4- 6 || total
-------------------------+-------+-------++-------
Melee: Hand axe          |    18 |     2 ||    20
       Club              |     2 |       ||     2
       Flail             |       |     1 ||     1
 Cast: Sandblast         |    34 |    84 ||   118
Evoke: Wand              |       |     1 ||     1
  Use: Potion            |       |     5 ||     5
       Scroll            |       |     4 ||     4
Armor: Ring mail         |    20 |    18 ||    38
Dodge: Dodged            |    26 |    24 ||    50

Table legend: (Time is in decaauts)
 A = Elapsed time spent in this place.
 B = Non-inter-level travel time spent in this place.
 C = Inter-level travel time spent in this place.
 D = Time resting spent in this place.
 E = Time spent auto-exploring this place.
 F = Levels seen in this place.
 G = Mean time per level.
                   A        B        C        D        E       F      G
               +--------+--------+--------+--------+--------+-----+--------+
         Total |   3787 |   3648 |    139 |    521 |   2661 |   4 |  946.8 |
       Dungeon |   3787 |   3648 |    139 |    521 |   2661 |   4 |  946.8 |
               +--------+--------+--------+--------+--------+-----+--------+

Top non-repeatable levels by time:
     D:2: 1768 daAuts
     D:1: 1102 daAuts
     D:3: 757 daAuts
     D:4: 159 daAuts
